Unix NetHack Version 3.7.0-50 Work-in-progress - last build Feb 25 2022 12:24:36 (2cae1c06d18a5f7572a27f61024ca332b3effe23,branch:master). Game began 2022-02-25 20:05:56, ended 2022-02-25 20:19:17. spontiff, neutral male gnomish Healer ########### #------ # #|..... # --------- ####+..... # |........## #|...... # |.._....| #|.....h|### |........####0|....r.@f## |...F.<.| |....$.| --------- ------- Spontiff the Rhizotomist St:9 Dx:10 Co:15 In:8 Wi:18 Ch:17 Neutral S:100 Dlvl:3 $:787 HP:0(14) Pw:6(6) AC:8 Xp:1/0 T:1304 Hungry Latest messages: Narodnaja offers 75 gold pieces for your potion called dark green 200z. Sell it? [ynaq] (n) y You sold an uncursed potion called dark green 200z for 75 gold pieces. What do you want to drop? [$cdg-ln-pr-tvwyA-CSZ or ?*] t You drop 2 uncursed potions called swirly 200z. Narodnaja offers 150 gold pieces for your potions called swirly 200z. Sell them? [ynaq] (n) y You sold 2 uncursed potions called swirly 200z for 150 gold pieces. "Hello, spontiff! Welcome again to Narodnaja's liquor emporium!" The kitten picks up an uncursed potion called swirly 200z. The kitten drops an uncursed potion called swirly 200z. t - an uncursed potion called swirly 200z. "Hello, spontiff! Welcome again to Narodnaja's liquor emporium!" What do you want to drop? [$cdg-ln-pr-tvwyA-CSZ or ?*] t You drop an uncursed potion called swirly 200z. Narodnaja offers 75 gold pieces for your potion called swirly 200z. Sell it? [ynaq] (n) y You sold an uncursed potion called swirly 200z for 75 gold pieces. "Hello, spontiff! Welcome again to Narodnaja's liquor emporium!" Pick an object. You swap places with your kitten. You hear the chime of a cash register. What do you want to use or apply? [h-jsCSZ or ?*] s In what direction? b You hear nothing special. What do you want to use or apply? [h-jsCSZ or ?*] s In what direction? h You hear nothing special. Where do you want to travel to? (For instructions type a '?') You hear some noises in the distance. What do you want to drop? [$cdg-ln-prsvwyA-CSZ or ?*] l You drop a flail. You descend the stairs. You are beginning to feel hungry. With great effort you move the boulder. You try to move the boulder, but in vain. This door is locked. What do you want to use or apply? [h-jsCSZ or ?*] s In what direction? l You hear nothing special. The door opens. The hobbit hurls a brilliant blue potion! The jar crashes on your head and breaks into shards. The brilliant blue potion evaporates. Something seems to be holding you. The hobbit thrusts her dagger. The hobbit hits! The hobbit thrusts her dagger. The hobbit hits! You die... Do you want your possessions identified? [ynq] (y) y Do you want to see the dungeon overview? [ynq] (y) y Major events: Turn 1: spontiff the neutral male gnomish Healer entered the dungeon 149: entered new level 2, The Dungeons of Doom 379: ate for the first time - newt corpse 379: consumed animal products for the first time, by eating a newt corpse 414: entered a shop 524: eschewed atheism, by dropping a potion called bubbly 50z sick? on an altar 721: entered new level 3, The Dungeons of Doom Inventory: Coins $ - 787 gold pieces Weapons k - an uncursed +0 scalpel (alternate weapon; not wielded) Armor g - an uncursed +1 pair of leather gloves (being worn) Comestibles y - an uncursed apple Scrolls B - an uncursed scroll of identify Spellbooks i - a blessed spellbook of extra healing h - a blessed spellbook of healing C - an uncursed spellbook of magic mapping j - a blessed spellbook of stone to flesh Potions n - 6 blessed potions of extra healing v - a blessed potion of fruit juice p - an uncursed potion of full healing w - an uncursed potion of hallucination named SMOKY c - a blessed potion of healing d - 4 uncursed potions of healing r - a blessed potion of object detection o - an uncursed potion of sickness Wands S - an uncursed wand of sleep (0:8) Z - an uncursed wand of slow monster (0:5) Tools s - an uncursed stethoscope Gems/Stones A - 2 uncursed worthless pieces of red glass Spontiff the Healer's attributes: Background: You were a Rhizotomist, a level 1 male gnomish Healer. You were neutral, on a mission for Hermes who was opposed by Athena (lawful) and Poseidon (chaotic). You were in the Dungeons of Doom, on level 3. You entered the dungeon 1304 turns ago. You had 0 experience points, 20 were needed to attain level 2. Your score was 100 before end-of-game adjustments. Basics: You had 0 out of 14 hit points. You had all 6 energy points (spell power). Your armor class was 8. Your wallet contained 787 zorkmids. Autopickup was on for '$!/="?' plus thrown, with exceptions. Final Characteristics: Your strength was 9 (limit:18/50). Your dexterity was 10 (limit:18). Your constitution was 15 (limit:18). Your intelligence was 8 (limit:19). Your wisdom was 18 (limit:18). Your charisma was 17 (limit:18). Final Status: You were hungry. You were unencumbered. You were empty handed. You were unskilled in bare handed combat. Final Attributes: You were fervently aligned. You were poison resistant. You had infravision. You are dead. Miscellaneous: You never encountered a bones level. Total elapsed playing time was 13 minutes and 21 seconds. Vanquished creatures: a jackal a fox 7 grid bugs a lichen a kobold zombie 5 newts 16 creatures vanquished. No species were genocided or became extinct. Voluntary challenges: You never hit with a wielded weapon. You were a pacifist. You were illiterate. You never engraved Elbereth. You never genocided any monsters. You never polymorphed an object. You never changed form. You used no wishes. Achievement: You entered a shop. The Dungeons of Doom: levels 1 to 3 Level 1: An altar to Hermes. Level 2: A potion shop. Level 3: <- You were here. An altar. Final resting place for you, killed by a hobbit, while frozen by a potion. Game over: ---------- / \ / REST \ / IN \ / PEACE \ / \ | spontiff | | 787 Au | | killed by a | | hobbit | | | | | | 2022 | *| * * * | * _________)/\\_//(\/(/\)/\//\/|_)_______ Goodbye spontiff the Healer... You died in The Dungeons of Doom on dungeon level 3 with 100 points, and 787 pieces of gold, after 1304 moves. You were level 1 with a maximum of 14 hit points when you died.